[Event "Early-Titled-Tuesday-Blitz-May-14-2024"]
[Site "Chess.com"]
[Date "2024.05.14"]
[Round "3"]
[White "SuperJesus88"]
[Black "ViIIagra"]
[Result "0-1"]
[WhiteElo "2519"]
[BlackElo "2848"]
[TimeControl "180+1"]
[EndTime "8:30:59 PDT"]
[Termination "ViIIagra won on time"]

1. e4 d6 2. d4 Nf6 3. Nc3 g6 4. h3 Bg7 5. Nf3 O-O 6. Be3 Nc6 7. Qd2 e5 8. dxe5 Nxe5 9. Nxe5 dxe5 10. Qxd8 Rxd8 11.
g4 Be6 12. a3 a6 13. Rd1 b5 14. g5 Ne8 15. Nd5 Rd7 16. Be2 Rad8 17. h4 Bxd5 18. exd5 Rxd5 19. Rxd5 Rxd5 20. Bf3 Rd8 21. Bb7 Nd6 22.
Bc6 Nc4 23. Bc1 e4 24. b3 Rd6 25.
Bb7 Nb6 26. Bxe4 Re6 27. f3 Nd5 28. O-O Nc3 29. Bd3 Bd4+ 30. Kg2 c6 31. Bd2 f5 32.
Re1 Rxe1 33. Bxe1 Nd5 34. Bg3 Bc3 35. Kf2 Kf7 36. Ke2 Ke6 37. a4 Be5 38. Be1 Nf4+ 39.
Kd2 Kd6 40. Bf1 Nd5 41. Kd3 Nf4+ 42. Ke3 Ne6 43. axb5 axb5 44. c3 Bf4+ 45. Kd3 Nc5+ 46. Kc2 Nd7 47. Be2 Be3 48. Kd3 f4 49. b4 Kd5 50. Kc2 Ne5 51. Kb3 Nf7 52. c4+ Ke5 53.
cxb5 cxb5 54. Bxb5 Nd6 55. Be2 Kd5 56. Bc3 Nf5 57. Be1 Nd6 58. b5 Kc5 59. Ka4 Kb6 60.
Ba5+ Kb7 61. Bb4 Nf5 62. Be1 Nd4 63. Bd1 Kb6 64. Bc3 Nxb5 65. Bb2 Bf2 66. Be2 Nc7 67. Be5 Nd5 68. Bc4 Kc5 69. Bxd5 Kxd5 70. Bxf4 Kc4 71. Ka3 Bxh4 72. Kb2 Kd3 73. Bg3 Bxg3 74. f4 Bxf4 75.
Kb3 Bxg5 0-1

[Event "Early-Titled-Tuesday-Blitz-May-14-2024"]
[Site "Chess.com"]
[Date "2024.05.14"]
[Round "3"]
[White "NanMKKhineHlyan"]
[Black "EvgenyBurmakin"]
[Result "1/2-1/2"]
[WhiteElo "1816"]
[BlackElo "2331"]
[TimeControl "180+1"]
[EndTime "8:31:04 PDT"]
[Termination "Game drawn by repetition"]

1. e4 c5 2. Nf3 d6 3. d4 cxd4 4. Nxd4 Nf6 5. Nc3 a6 6. Be3 e5 7. Nb3 Be6 8. Be2 Be7 9. O-O Nbd7 10. f4 exf4 11. Bxf4 Ne5 12. Nd4 O-O 13. Nxe6 fxe6 14. Bxe5 dxe5 15. Qe1 Qb6+ 16. Kh1 Qxb2 17. Rb1 Qxc2 18.
Rxb7 Rac8 19. Rxe7 Qxc3 20. Bxa6 Qxe1 21. Rxe1 Rc2 22.
Rxe6 Nxe4 23. Rxe5 Nf2+ 24. Kg1 Ng4 25. R5e2 Rc6 26. Bb5 Rc5 27. a4 h6 28. h3 Nf6 29.
Re7 Rfc8 30. Rb7 Rc1 31. Rxc1 Rxc1+ 32. Kf2 Ra1 33. Rb8+ Kf7 34. Ra8 Ne4+ 35. Kf3 Nc3 36. Bc4+ Kf6 37. a5 Na4 38. Kf2 g5 39. Ra6+ Kg7 40.
Ra7+ Kf6 41. Rf7+ Kg6 42. Ra7 Kf6 43. a6 Nc5 44. Rf7+ Kg6 45. a7 Ne4+ 46. Ke3 Nd6 47. Rc7 Nxc4+ 48. Rxc4 Rxa7 49. Rc6+ Kg7 50. Rc2 Rf7 51.
Ke4 Rf6 52. Ke5 Kg6 53. Rd2 h5 54. Rd8 Rf2 55. Rg8+ Kh6 56. g4 hxg4 57. hxg4 Rf4 58. Rh8+ Kg7 59. Rh2 Rxg4 60. Rf2 Rb4 61. Rf5 Rb5+ 62. Ke6 Rxf5 63. Kxf5 Kh6 64. Kg4 Kg6 65. Kg3 Kf5 66. Kf3 g4+ 67. Kg3 Kg5 68. Kg2 Kf4 69. Kf2 Kg5 70. Kg3 Kh5 71. Kg2 Kh4 72. Kh2 g3+ 73. Kg2 Kg4 74. Kg1 Kg5 75. Kg2 Kf4 76. Kg1 Kg4 77. Kg2 Kh4 78. Kg1 Kh3 79. Kh1 Kg4 80. Kg2 Kf4 81. Kg1 Kg4 82. Kg2 1/2-1/2

[Event "Early-Titled-Tuesday-Blitz-May-14-2024"]
[Site "Chess.com"]
[Date "2024.05.14"]
[Round "3"]
[White "emeli_chess"]
[Black "profedechess93"]
[Result "1/2-1/2"]
[WhiteElo "2450"]
[BlackElo "2642"]
[TimeControl "180+1"]
[EndTime "8:31:05 PDT"]
[Termination "Game drawn by stalemate"]

1. d4 d5 2. c4 c6 3. Nc3 Nf6 4. e3 e6 5. Nf3 Nbd7 6. Bd3 Bd6 7. O-O O-O 8. e4 e5 9. cxd5 cxd5 10. Nxd5 Nxd5 11. exd5 exd4 12. Bg5 Nf6 13. Nxd4 Be5 14. Nb3 Bxb2 15. Rb1 Be5 16. Bh4 Qd6 17. Bg3 Rd8 18. Re1 Bxg3 19. hxg3 Nxd5 20. Qf3 Nf6 21. Bf5 Bxf5 22.
Qxf5 b6 23. g4 Qd3 24. Rbd1 Qxf5 25. gxf5 Kf8 26. f3 Rac8 27. Rxd8+ Rxd8 28. g4 Rd3 29. Kf2 Nd5 30. Kg3 Nc3 31. Nc1 Rd1 32. Rxd1 Nxd1 33. Kf4 Nc3 34. Ke5 Ke7 35. Kd4 Nb5+ 36. Kd5 Kd7 37. Ne2 Nc7+ 38. Kc4 Kd6 39. Kd4 Nb5+ 40. Kc4 Nc7 41. Kd4 a6 42. Nc3 Kc6 43. Ne4 Nb5+ 44. Kd3 f6 45. f4 Kd5 46. g5 fxg5 47. fxg5 Ke5 48. f6 gxf6 49. gxf6 Ke6 50. Ng5+ Kxf6 51.
Nxh7+ Ke5 52. Ng5 Kd5 53. Nf3 Kc5 54. Kc2 Kb4 55. Kb2 a5 56. Ne5 Nd6 57. Nc6+ Kc5 58.
Ne7 b5 59. Ng6 Kb4 60. Ne5 Nc4+ 61. Nxc4 Kxc4 62. Kc2 Kd4 63. Kd2 Kc4 64. Kc2 Kb4 65.
Kb2 Ka4 66. a3 b4 67. axb4 axb4 68. Ka2 Kb5 69. Kb3 Kc5 70. Kb2 Kc4 71. Kc2 b3+ 72. Kb2 Kb4 73. Kb1 Kb5 74. Kb2 Ka4 75. Kb1 Ka3 76. Ka1 b2+ 77. Kb1 Kb3 1/2-1/2

[Event "Early-Titled-Tuesday-Blitz-May-14-2024"]
[Site "Chess.com"]
[Date "2024.05.14"]
[Round "3"]
[White "kids2010"]
[Black "Oleksandr_Bortnyk"]
[Result "1/2-1/2"]
[WhiteElo "2781"]
[BlackElo "3060"]
[TimeControl "180+1"]
[EndTime "8:31:06 PDT"]
[Termination "Game drawn by repetition"]

1. d4 Nf6 2. c4 b6 3. Nc3 Bb7 4. Qc2 g6 5. e4 d6 6. Bd3 Bg7 7. Nge2 O-O 8. O-O Na6 9. a3 e5 10. d5 Nc5 11. b4 Nxd3 12. Qxd3 a5 13. Rb1 axb4 14. axb4 Nd7 15. Be3 f5 16. f3 f4 17. Bf2 g5 18. Rfc1 h5 19. c5 bxc5 20.
bxc5 Ba6 21. Qd1 dxc5 22. d6 c6 23. Ra1 g4 24. Na4 Qg5 25. Kh1 g3 26. Nxc5 Nxc5 27. Bxc5 gxh2 28. d7 Rfb8 29. Bd6 Bxe2 30. Qxe2 Rxa1 31.
Rxa1 Rd8 32. Ra7 Kh7 33. Bc5 Rb8 34. Ra1 Bf6 35. Rd1 Rg8 36. Qa2 Bd8 37. Qf7+ Rg7 38. Qf5+ Qxf5 39. exf5 Rf7 40. Rd6 Kg7 41. Kxh2 Rxf5 42.
Rxc6 Rf7 43. Rd6 Rf6 44. Rd5 Re6 45. Kh3 Kf7 46. Bb4 Rb6 47. Bc3 Ke6 48. Rxe5+ Kxd7 49. Rxh5 Rc6 50. Be5 Rc5 51. Rh7+ Ke6 52. Bxf4 Rc2 53. g3 Kf5 54. Rh5+ Kg6 55. Kg4 Bf6 56. Rh6+ Kg7 57. Rh1 Rc4 58. Re1 Kg6 59. Rd1 Be5 60. Rd5 Bc7 61. Rf5 Bd6 62. Rg5+ Kf6 63. Rh5 Bxf4 64. gxf4 Ra4 65. Rh6+ Kg7 66. Re6 Ra5 67. f5 Ra3 68.
Re7+ Kf6 69. Re6+ Kf7 70. Rb6 Rc3 71. Kf4 Ra3 72. Kg5 Rxf3 73. Rb7+ Kg8 74. Kf6 Ra3 75. Rb8+ Kh7 76. Rb7+ Kg8 77. Rb8+ Kh7 78. Rb6 Kg8 79. Kg6 Rg3+ 80. Kf6 Ra3 81. Re6 Kf8 82. Rb6 Kg8 1/2-1/2

[Event "Early-Titled-Tuesday-Blitz-May-14-2024"]
[Site "Chess.com"]
[Date "2024.05.14"]
[Round "3"]
[White "wadsy27"]
[Black "Mikhail_Bryakin"]
[Result "0-1"]
[WhiteElo "2601"]
[BlackElo "2888"]
[TimeControl "180+1"]
[EndTime "8:31:07 PDT"]
[Termination "Mikhail_Bryakin won by resignation"]

1. Nf3 c5 2. g3 Nf6 3. Bg2 Nc6 4. c4 g6 5. Nc3 Bg7 6. d4 cxd4 7. Nxd4 O-O 8. O-O d6 9. Nxc6 bxc6 10.
Bxc6 Rb8 11. Bg2 Be6 12. b3 Qa5 13. Bd2 Qh5 14. e4 Bg4 15. f3 Bh3 16. Qe2 Bxg2 17. Kxg2 Rfc8 18. Rac1 Qc5 19. Be3 Qa5 20. Rfd1 h5 21. h4 Qa6 22. Qd2 Rb7 23. Bd4 Qc6 24. Nd5 Nxd5 25. cxd5 Qd7 26. Bxg7 Kxg7 27. Rxc8 Qxc8 28.
Rc1 Rc7 29. Rxc7 Qxc7 30. Qd4+ f6 31. Qc4 Qa5 32. Qc2 Kf7 33. Qb2 Qb5 34. b4 Qa4 35.
Qb3 Qb5 36. Kf2 Qb6+ 37. Kg2 Qb5 38. Qb2 Qa4 39. Kf2 Qd1 40. Kg2 g5 41. hxg5 fxg5 42.
b5 h4 43. gxh4 gxh4 44. Qf2 Qb1 45. Qxa7 Qxb5 46. Qf2 Qa4 47. Kh3 Qa3 48. Kxh4 Qc1 49. Kh3 Qh6+ 50. Kg2 Qg5+ 51. Kf1 Qc1+ 52. Qe1 Qa3 53.
Qe2 Qc1+ 54. Kf2 Qc5+ 55. Qe3 Qc2+ 56. Qe2 Qc5+ 57. Kg2 Qa3 58. Qc2 Qe3 59. a4 Qa3 60. Kf2 Qa1 61. Ke3 Qa3+ 62. Kd4 Qxf3 63. Kc4 Qe3 64. Kb5 Qa7 65. a5 Qb7+ 66. Ka4 Qa6 67. Kb4 Qb7+ 68. Ka4 Qa6 69. Qb3 Qf1 70. Qb4 Qd3 71. Qb5 Qxe4+ 72. Ka3 Qe3+ 73. Kb4 Qd4+ 74. Qc4 Qb2+ 75. Ka4 Kf6 76. a6 Qb6 77. Qb5 Qf2 78.
Ka5 Qa7 79. Qb6 Qa8 80. Qc6 Qa7 81. Qb6 Qa8 82. a7 Qxd5+ 83. Qb5 Qa8 84. Ka6 Qc8+ 85. Qb7 Qc4+ 86. Kb6 Qc5+ 87. Ka6 Qa3+ 88. Kb5 Qc5+ 89. Ka4 Qd4+ 90. Ka3 Qa1+ 91. Kb3 Qb1+ 0-1

[Event "Early-Titled-Tuesday-Blitz-May-14-2024"]
[Site "Chess.com"]
[Date "2024.05.14"]
[Round "3"]
[White "santosalberto1987"]
[Black "MrLion3000"]
[Result "1/2-1/2"]
[WhiteElo "2577"]
[BlackElo "2764"]
[TimeControl "180+1"]
[EndTime "8:31:08 PDT"]
[Termination "Game drawn by repetition"]

1. e4 c5 2. Nf3 Nc6 3. Nc3 Nf6 4. d4 cxd4 5. Nxd4 e5 6. Ndb5 d6 7. Bg5 a6 8. Na3 b5 9. Bxf6 gxf6 10. Nd5 f5 11. c3 Be6 12. exf5 Bxf5 13. Nc2 Bg7 14. Nce3 Be6 15. Bd3 O-O 16. O-O f5 17. a4 e4 18.
Nf4 Qc8 19. axb5 Ne5 20. Bc2 Bd7 21. Bb3+ Kh8 22. Qxd6 axb5 23. Rxa8 Qxa8 24. Rd1 Re8 25. Nh5 Qb8 26. Nxg7 Qxd6 27. Rxd6 Kxg7 28. Nd5 Ra8 29. Nb6 Ra1+ 30. Rd1 Rxd1+ 31. Bxd1 Bc6 32. Be2 Kf6 33. c4 b4 34. Kf1 Ke6 35. c5 f4 36.
Ke1 e3 37. fxe3 fxe3 38. g3 h6 39. Nc4 Nxc4 40. Bxc4+ Ke5 41. Ke2 Ke4 42. h4 Bd7 43. Ba6 Bg4+ 44. Ke1 Kd5 45. Be2 Be6 46. g4 Kxc5 47.
g5 hxg5 48. hxg5 Bf5 49. Bh5 Kc4 50. Bf7+ Kd3 51. g6 Kc2 52. g7 Bh7 53. b3 Kc3 54. g8=Q Bxg8 55. Bxg8 Kd3 56. Bc4+ Kc3 57. Ke2 Kd4 58. Bg8 Ke4 59. Bc4 Kd4 60. Bf7 Ke4 61. Be6 Kd4 62. Bc4 Ke4 63. Bd3+ Kd4 64. Bc2 Kc3 65. Bd1 Kd4 66. Kf3 Kd3 67. Be2+ Kc3 68. Bc4 Kd4 69. Bb5 Kc3 70. Bc4 Kd4 71. Bf7 Kd3 72. Bg6+ Kc3 73. Bf7 Kd3 74. Bc4+ Kd4 1/2-1/2

[Event "Early-Titled-Tuesday-Blitz-May-14-2024"]
[Site "Chess.com"]
[Date "2024.05.14"]
[Round "3"]
[White "SharapovEvgeny"]
[Black "Eloist"]
[Result "0-1"]
[WhiteElo "2637"]
[BlackElo "2458"]
[TimeControl "180+1"]
[EndTime "8:31:10 PDT"]
[Termination "Eloist won by resignation"]

1. e4 e6 2. d4 d5 3. Nc3 Nf6 4. e5 Nfd7 5. f4 c5 6. Nf3 Nc6 7. Be3 a6 8. Qd2 b5 9. Nd1 b4 10. c3 Qb6 11. Be2 a5 12. O-O Ba6 13. Bxa6 Rxa6 14. Nf2 Be7 15. Qd3 c4 16. Qc2 b3 17. Qb1 g6 18. a3 h5 19. Qd1 Kd8 20.
Qe2 Kc8 21. g3 Kb7 22. Kg2 a4 23. h3 Raa8 24. Rh1 Na7 25. Raf1 Nb5 26. Bc1 Rag8 27. g4 Qd8 28. Nd1 hxg4 29. hxg4 Rxh1 30. Rxh1 Rh8 31. Qf1 Qg8 32. Ne3 Qf8 33. Kf2 Rxh1 34. Qxh1 Nxa3 35. bxa3 Bxa3 36. Bd2 Be7 37. f5 gxf5 38.
gxf5 a3 39. f6 Bd8 40. Qa1 Bc7 41. Bc1 a2 42. Bb2 Ba5 43. Ng1 Nb6 44. Ne2 Na4 45. Nc1 Qh6 46. Nxa2 Qf4+ 47. Ke2 Qh2+ 48. Kf3 Qxb2 49.
Qxb2 Nxb2 50. Nc1 Bxc3 51. Ne2 Bb4 52. Nxd5 exd5 53. e6 fxe6 54. f7 Nd3 55. Nc3 b2 56.
Nb1 Kc6 57. Kg4 Kd7 58. Kg5 Ke7 59. Kg6 Nf4+ 60. Kg7 Nh5+ 61. Kg8 Kf6 62. Nc3 Kg6 63. f8=Q Bxf8 64. Kxf8 Kf6 65. Ke8 Nf4 66. Kd7 Ne2 67. Nb1 c3 68. Kd6 c2 69. Nd2 c1=Q 70. Nf3 b1=Q 71.
Ne5 Qf4 72. Kd7 Qxe5 73. dxe5+ Kxe5 74. Ke7 Qb6 75. Ke8 Kf5 76. Kf7 e5 77. Ke8 Qb7 78. Kf8 Kf6 0-1

[Event "Early-Titled-Tuesday-Blitz-May-14-2024"]
[Site "Chess.com"]
[Date "2024.05.14"]
[Round "3"]
[White "Manukyan_Artak"]
[Black "bascheyaro"]
[Result "1/2-1/2"]
[WhiteElo "2574"]
[BlackElo "2809"]
[TimeControl "180+1"]
[EndTime "8:31:11 PDT"]
[Termination "Game drawn by repetition"]

1. e4 e6 2. d4 d5 3. e5 c5 4. c3 Qb6 5. Nf3 Bd7 6. a3 Bb5 7. c4 Bxc4 8. Bxc4 dxc4 9. Nbd2 Qa6 10. O-O Nc6 11. dxc5 Bxc5 12. Ne4 Be7 13. Bg5 f6 14. exf6 Nxf6 15. Nd6+ Bxd6 16. Qxd6 Ne7 17. Qxa6 bxa6 18.
Ne5 c3 19. bxc3 O-O 20. Rfe1 Rac8 21. Rac1 Nf5 22. c4 h6 23. Bxf6 gxf6 24. Ng6 Rfe8 25.
Nf4 Kf7 26. c5 Nd4 27. Kf1 Rc6 28. Rc3 Nb5 29. Rh3 e5 30. Nd3 Rd8 31. Nb4 Rxc5 32. Nxa6 Rc2 33. Nb4 Rb2 34. Rd3 Rxd3 35. Nxd3 Rb3 36.
Nc5 Rxa3 37. Rb1 Nd6 38. f3 Rc3 39. Ne4 Nxe4 40. fxe4 Rc7 41. Ke2 a5 42. Ra1 Ra7 43. Ra4 Ke6 44. Kd3 Kd6 45. Kc4 Kc6 46. g4 Kb6 47. Ra1 Rd7 48. Rf1 Rd4+ 49. Kb3 Rxe4 50. Rxf6+ Kb5 51. Rxh6 Rxg4 52. Rh5 a4+ 53. Ka2 Rg2+ 54.
Ka3 Re2 55. h4 Re3+ 56. Ka2 Kb4 57. Rh8 Re2+ 58. Ka1 e4 59. h5 e3 60. h6 Ka3 61.
Kb1 Rb2+ 62. Kc1 Rh2 63. Re8 Rxh6 64. Rxe3+ Ka2 65. Re2+ Ka1 66. Re4 Rc6+ 67. Kd2 a3 68. Rb4 Ka2 69. Kd1 Rc7 70. Kd2 Rg7 71. Kd1 Rg2 72.
Kc1 Rb2 73. Ra4 Kb3 74. Ra8 a2 75. Rb8+ Kc3 76. Rc8+ Kb3 77. Rb8+ Ka3 78. Ra8+ Kb3 79. Rb8+ 1/2-1/2

[Event "Early-Titled-Tuesday-Blitz-May-14-2024"]
[Site "Chess.com"]
[Date "2024.05.14"]
[Round "3"]
[White "ahmedkandiliii"]
[Black "1stSecond"]
[Result "0-1"]
[WhiteElo "2613"]
[BlackElo "2896"]
[TimeControl "180+1"]
[EndTime "8:31:14 PDT"]
[Termination "1stSecond won on time"]

1. e4 c6 2. d3 d5 3. Nd2 e5 4. g3 Nf6 5. Bg2 Bc5 6. Ngf3 Nbd7 7. O-O O-O 8. Re1 Re8 9. h3 a5 10. c3 a4 11. Qc2 Qb6 12. Nf1 dxe4 13. dxe4 Qc7 14.
Be3 b6 15. Rad1 Ba6 16. Nh4 Bxf1 17. Bxf1 Bxe3 18. Rxe3 Nc5 19. b4 axb3 20. axb3 g6 21. b4 Ne6 22. Nf3 Red8 23. Bc4 Rxd1+ 24. Qxd1 Rd8 25. Qc2 Re8 26. Re1 b5 27. Bb3 h6 28.
c4 bxc4 29. Bxc4 Qd6 30. Qd2 Qxd2 31. Nxd2 Nd4 32. Ra1 Re7 33. Ra8+ Kg7 34. Kg2 Rb7 35. Ra4 Nc2 36. b5 cxb5 37. Ra2 Ne1+ 38. Kf1 bxc4 39. Kxe1 c3 40. Nc4 Nxe4 41. Rc2 Kf6 42. Ke2 Rd7 43.
Ke3 Rd4 44. f3 Rxc4 45. fxe4 Kg5 46. Kd3 Rc5 47. Rxc3 Rxc3+ 48. Kxc3 h5 49. Kc4 h4 50. gxh4+ Kxh4 51. Kd5 Kxh3 52. Kxe5 g5 53. Kf6 g4 54. Kxf7 g3 55. e5 g2 56. e6 g1=Q 57. e7 Qf2+ 58.
Kg8 Qg3+ 59. Kf8 Qf4+ 60. Kg8 Qg5+ 61. Kf7 Qf5+ 62. Kg7 Qe6 63. Kf8 Qf6+ 64. Ke8 Kg4 65. Kd7 Qd4+ 66. Ke6 Qa4 67. Kf7 Qf4+ 68. Ke6 Qf5+ 69.
Kd6 Qc8 0-1

[Event "Early-Titled-Tuesday-Blitz-May-14-2024"]
[Site "Chess.com"]
[Date "2024.05.14"]
[Round "3"]
[White "Vesper2018"]
[Black "ckgchess"]
[Result "1/2-1/2"]
[WhiteElo "2554"]
[BlackElo "2849"]
[TimeControl "180+1"]
[EndTime "8:31:17 PDT"]
[Termination "Game drawn - insufficient material"]

1. e4 e5 2. Nf3 Nf6 3. d4 d5 4. dxe5 Nxe4 5. Nbd2 Nc5 6. Be2 Be7 7. O-O O-O 8. Re1 Bf5 9. Nb3 Nxb3 10. axb3 c5 11. Bd3 Be6 12. Bf4 Nc6 13. Qd2 Bg4 14. Qe3 Re8 15.
h3 Bh5 16. g4 Bg6 17. Bf5 Bf8 18. Rad1 Ne7 19. Nh4 Nxf5 20. Nxf5 Qd7 21. Qd3 Rad8 22. c3 h5 23. Bg3 Re6 24. Qf3 Rb6 25. c4 d4 26. Rd3 hxg4 27. hxg4 Qc6 28. Qxc6 Rxc6 29. Kg2 b5 30. Kf3 bxc4 31. bxc4 Rb6 32. Ra1 Rxb2 33. Rxa7 Rb4 34. Bh4 Re8 35. Ke4 Rxc4 36. f4 f6 37. Kd5 Rc3 38. Rxc3 dxc3 39. Ra3 c2 40. Rc3 fxe5 41. fxe5 Bf7+ 42. Ke4 g6 43. Ne3 Bg7 44. Bg3 Rd8 45. Rxc5 Bb3 46. Nxc2 Bf8 47.
Rc3 Bd5+ 48. Ke3 Bh6+ 49. Ke2 Re8 50. Rc5 Be6 51. Nd4 Bxg4+ 52. Kd3 Rd8 53. Rc6 Kf7 54. Ke4 Bh3 55. Rc7+ Kg8 56. Bh4 Re8 57. Bf6 Bg2+ 58. Kd3 Bh3 59. Nc6 Bf1+ 60. Kd4 Bf8 61. Nd8 Bh3 62. Kd5 Bg2+ 63. Kd4 Bh3 64. Rc3 Bf5 65. Re3 Bh6 66. Re1 Bg7 67. Bg5 Bh8 68. Nc6 Bg7 69. Kc5 Kf7 70. Kd6 Re6+ 71. Kc5 Bf8+ 72. Kb6 Re8 73.
Nd8+ Kg8 74. e6 Be7 75. Bxe7 Rxe7 76. Nc6 Rxe6 77. Rxe6 Bxe6 78. Ne7+ Kf7 79. Nxg6 1/2-1/2

[Event "Early-Titled-Tuesday-Blitz-May-14-2024"]
[Site "Chess.com"]
[Date "2024.05.14"]
[Round "3"]
[White "PeshkaCh"]
[Black "OriTaichman"]
[Result "0-1"]
[WhiteElo "2872"]
[BlackElo "2615"]
[TimeControl "180+1"]
[EndTime "8:31:21 PDT"]
[Termination "OriTaichman won by checkmate"]

1. Nf3 g6 2. e4 c5 3. d4 Bg7 4. c3 d5 5. Bb5+ Bd7 6. Bxd7+ Qxd7 7. e5 Nc6 8. O-O e6 9. Na3 a6 10. Nc2 Nge7 11. Bg5 h6 12. Bxe7 Qxe7 13. Re1 O-O 14. h4 h5 15. Ne3 Bh6 16. Qd2 b5 17. Nxd5 Bxd2 18. Nxe7+ Nxe7 19. Nxd2 cxd4 20. cxd4 Rfd8 21.
Nf3 Nf5 22. Red1 Rac8 23. Rd2 Rd5 24. Rad1 b4 25. Kf1 Kf8 26. Ke2 Ke7 27. Kd3 Ra5 28.
Rc2 Rd8 29. b3 Nxd4 30. Nxd4 Rxd4+ 31. Kxd4 Rd5+ 32. Kc4 Rxd1 33. Kxb4 Rd5 34. f4 Rd4+ 35. Ka5 Rxf4 36. Kxa6 Rxh4 37. Kb5 Re4 38. a4 Rxe5+ 39. Kb6 Re4 40. Rc4 Rxc4 41. bxc4 e5 42. Kc5 e4 43. Kd4 f5 44. a5 Kd6 45. a6 Kc6 46. c5 g5 47. Ke3 h4 48. Kd4 g4 49.
Ke5 e3 50. a7 Kb7 51. Kd6 e2 52. c6+ Kxa7 53. c7 e1=Q 54. c8=Q Qe4 55. Qc7+ Ka6 56. Qc8+ Kb5 57. Qc5+ Ka4 58. Qa7+ Kb3 59. Qf7+ Kb2 60. Qf6+ Kc2 61. Qxh4 Qxg2 62. Ke5 Qe4+ 63. Kf6 Kd3 64. Qg3+ Qf3 65. Qd6+ Ke2 66. Qa6+ Kf2 67. Qb6+ Kg2 68. Kg5 f4 69. Kh4 Qg3+ 70. Kg5 f3 71. Qb2+ f2 72.
Qc2 Qf3 73. Qd2 Kh1 74. Kh5 f1=Q 75. Kh6 Q1h3+ 76. Kg7 g3 77. Qc2 Qhg4+ 78. Kh7 Qf7+ 79. Kh6 Qfh5# 0-1

[Event "Early-Titled-Tuesday-Blitz-May-14-2024"]
[Site "Chess.com"]
[Date "2024.05.14"]
[Round "3"]
[White "teresin05"]
[Black "AlexandraSamaganova"]
[Result "1-0"]
[WhiteElo "2259"]
[BlackElo "2400"]
[TimeControl "180+1"]
[EndTime "8:31:22 PDT"]
[Termination "teresin05 won by resignation"]

1. e4 e6 2. d4 d5 3. Nc3 Nf6 4. Bg5 dxe4 5. Nxe4 Be7 6. Bxf6 gxf6 7. Nf3 a6 8. g3 f5 9. Nc3 b5 10. Bg2 Bb7 11.
Qd2 b4 12. Ne2 Nd7 13. O-O-O Nf6 14. Kb1 Bd5 15. Nf4 Ne4 16. Qe3 c6 17. Ne5 Qb6 18. Nxd5 cxd5 19. Bxe4 fxe4 20. f3 exf3 21. Rhf1 f6 22.
Nxf3 O-O-O 23. Rfe1 Rd6 24. Nh4 Re8 25. Qh6 a5 26. Qxh7 a4 27. Nf5 Rd7 28. Nxe7+ Rexe7 29. Qh8+ Kb7 30. Qxf6 b3 31. cxb3 axb3 32. axb3 Qxb3 33. Qf2 Rc7 34. Qe3 Qc2+ 35. Ka2 Kc8 36. Rd3 Kb8 37.
Rb3+ Kc8 38. Rc3 Qa4+ 39. Ra3 Qb4 40. Rd1 Rb7 41. Qc3+ Qxc3 42. Rxc3+ Kd7 43. Kb1 Rh7 44. Rd2 Rb4 45. Kc2 Rg7 46. Ra3 Rg4 47. Ra7+ Kd6 48. Ra6+ Ke7 49. Ra7+ Kf6 50. Ra6 Rgxd4 51. Re2 Rdc4+ 52.
Kb1 Re4 53. Rxe4 dxe4 54. Kc2 Rd4 55. Ra3 Ke5 56. Re3 Rd8 57. b3 Rh8 58. Re2 Kd4 59. b4 e3 60. Kb3 Kd3 61. Re1 e2 62. Rxe2 Kxe2 63. b5 Rd8 64. Kc4 Rc8+ 65. Kb4 Rc1 66. b6 Rb1+ 67. Kc5 e5 68. h4 e4 69. h5 e3 70. h6 Rc1+ 71. Kd6 Rb1 72. Kc7 Rh1 73.
b7 Rxh6 74. b8=Q Rh7+ 75. Kd6 Rh6+ 76. Ke5 Rh2 77. Qb2+ Kf3 78. Qxh2 e2 79. Qh5+ Kf2 80. Qxe2+ Kxe2 81. g4 Kf3 82. g5 Kf2 83. g6 Ke2 84. g7 Kf2 85. g8=Q Ke2 86. Qg3 1-0

[Event "Early-Titled-Tuesday-Blitz-May-14-2024"]
[Site "Chess.com"]
[Date "2024.05.14"]
[Round "3"]
[White "JacksterThePro"]
[Black "penguingm1"]
[Result "1/2-1/2"]
[WhiteElo "2469"]
[BlackElo "2817"]
[TimeControl "180+1"]
[EndTime "8:31:24 PDT"]
[Termination "Game drawn - insufficient material"]

1. e4 e5 2. Nf3 Nc6 3. Bc4 Nf6 4.
d3 h6 5. c3 d6 6. h3 g6 7.
Nbd2 Bg7 8. Bb3 O-O 9. Nc4 Re8 10. O-O d5 11. exd5 Nxd5 12. Re1 Bf5 13. Bc2 b5 14. Ne3 Nxe3 15. Bxe3 Qd6 16. d4 Bxc2 17. Qxc2 e4 18. Nd2 f5 19. Qb3+ Kh7 20. Qxb5 Rab8 21. Qa4 f4 22. Nc4 Qf6 23. Bxf4 Rf8 24. Rxe4 Rf7 25. Rae1 h5 26. Bg3 g5 27. Re6 Qf5 28. Qxc6 h4 29.
Qe4 hxg3 30. Qxf5+ Rxf5 31. fxg3 Rc8 32. Re7 Kg8 33. Rd7 Bf6 34. Rf1 Rxf1+ 35. Kxf1 Kf8 36. Rd5 Ke7 37. Rf5 Ke6 38. Rf3 Rb8 39. b3 a6 40. Ke2 Be7 41. Kd3 Rg8 42. Re3+ Kd7 43. Ne5+ Kd6 44. g4 Bf6 45. Nf3 a5 46. Nd2 Be7 47.
Nc4+ Kd7 48. Nxa5 Ra8 49. b4 Bd6 50. a4 Rf8 51. Rf3 Re8 52. Nc4 Bf4 53. Ne5+ Kc8 54.
g3 Bc1 55. a5 Kb7 56. b5 Ra8 57. a6+ Kb6 58. c4 Bb2 59. Nd7+ Ka5 60. Nc5 Kb4 61. Ne4 Rd8 62. d5 Re8 63. Rf5 Bc1 64. Rf1 Ba3 65.
Rb1+ Ka5 66. Ra1 Kb4 67. Rxa3 Kxa3 68. c5 Kb4 69. b6 cxb6 70. cxb6 Ka5 71. b7 Kxa6 72.
Nxg5 Kxb7 73. Kd4 Kc7 74. Ne6+ Kd6 75. Nf4 Ra8 76. Ke4 Ke7 77. Kf5 Rf8+ 78. Kg5 Rg8+ 79.
Kh4 Kf6 80. g5+ Kf5 81. Nh5 Rd8 82. g4+ Ke5 83. Nf6 Kf4 84. Kh5 Rh8+ 85. Kg6 Rxh3 86. d6 Rd3 87. d7 Rd4 88. Kf7 Kxg5 89. Ke7 Kg6 90. d8=Q Rxd8 91. Kxd8 Kxf6 92. Kd7 Kg5 93. Kd6 Kxg4 1/2-1/2

[Event "Early-Titled-Tuesday-Blitz-May-14-2024"]
[Site "Chess.com"]
[Date "2024.05.14"]
[Round "3"]
[White "AlmasRakhmatullaev"]
[Black "NelsonLinda"]
[Result "0-1"]
[WhiteElo "2880"]
[BlackElo "2625"]
[TimeControl "180+1"]
[EndTime "8:31:26 PDT"]
[Termination "NelsonLinda won by resignation"]

1. e4 c5 2. Nf3 e6 3. g3 Nc6 4.
Bg2 Nf6 5. Qe2 e5 6. O-O Be7 7. c3 O-O 8. Rd1 d5 9. exd5 Qxd5 10. d3 Re8 11. Na3 Bf8 12. Nc4 e4 13. dxe4 Qxe4 14. Qxe4 Nxe4 15. Bf4 Bg4 16. h3 Bh5 17. g4 Bg6 18.
Nh4 Rac8 19. Nxg6 hxg6 20. h4 b5 21. Ne3 c4 22. Rd5 Nc5 23. Bf1 a6 24. Rad1 Na4 25. R1d2 Nb6 26. Bg2 Nxd5 27. Bxd5 Ne5 28. b3 Nd3 29. Bg3 Rcd8 30. bxc4 bxc4 31. Bxc4 Nc5 32. Rb2 Ne4 33. Bf4 Nxc3 34. Rb7 Re7 35. Rb6 Rd4 36. Bg5 Rc7 37. Bb3 Ne2+ 38. Kg2 Nc1 39. Bd5 Rd7 40. Bc4 Nd3 41. Rb8 Nf4+ 42. Kf3 Ne6 43.
Bxa6 Nxg5+ 44. hxg5 Rd8 45. Rb7 R4d7 46. Rb2 Ra7 47. Bc4 Be7 48. Nd5 Bxg5 49. Ke4 Bf6 50. Rd2 Re8+ 51. Kd3 Ra3+ 52. Kc2 Ra4 53. Kb3 Rea8 54.
Nb6 Ra3+ 55. Kb4 Be7+ 56. Kb5 R8a5+ 57. Kc6 Rc5+ 58. Kb7 Bf6 59. Rd7 Bg5 60. Bxf7+ Kh7 61.
Bb3 Raa5 62. a4 Re5 63. Bd5 Rc5 64. f3 Bd2 65. Be4 Ba5 66. Nd5 Re6 67. Nf4 Rf6 68. Nxg6 Rb6+ 69. Ka7 Rxg6 70. Rd6 Rg5 71. Ka6 Be1 72.
a5 Kh6 73. Rxg6+ Rxg6+ 74. Bxg6 Kxg6 75. f4 Bd2 76. f5+ Kg5 77. Kb6 Kxg4 78. a6 Kxf5 79.
Kc6 Be3 80. Kd5 g5 81. Kc4 Ke4 82. Kc3 g4 83. Kc2 Kf3 0-1

[Event "Early-Titled-Tuesday-Blitz-May-14-2024"]
[Site "Chess.com"]
[Date "2024.05.14"]
[Round "3"]
[White "laboratorio25"]
[Black "Zurability"]
[Result "0-1"]
[WhiteElo "2532"]
[BlackElo "2810"]
[TimeControl "180+1"]
[EndTime "8:31:26 PDT"]
[Termination "Zurability won by resignation"]

1. e4 c5 2. Nf3 d6 3. d4 cxd4 4. Nxd4 Nf6 5. Nc3 g6 6. Be3 Bg7 7. f3 a6 8. Qd2 Nbd7 9. g4 b5 10. g5 Nh5 11. O-O-O Bb7 12. Kb1 Rc8 13. Bh3 O-O 14. Bg4 Ne5 15. Bxc8 Qxc8 16. Qe2 Nc4 17. Bc1 Na3+ 18. Ka1 b4 19. bxa3 bxc3 20. Nb3 Qc7 21. Qd3 a5 22. Qb5 Ra8 23. Be3 a4 24. Nd4 Ba6 25.
Qxa4 Qc8 26. Rb1 Bc4 27. Qb4 Nf4 28. Rhd1 Ne6 29. Nxe6 Bxe6 30. Bd4 Bxd4 31. Rxd4 Qa6 32. a4 Qe2 33. Qxc3 Rc8 34. Qd3 Qxh2 35. Rc1 Qe5 36. c3 Qxg5 37. Qd2 Qc5 38. Rb4 h5 39. f4 Bc4 40. f5 Qe5 41. fxg6 fxg6 42. Qe3 Bf7 43. Rb2 Rc4 44. Re2 Rxa4 45. Rb1 Qe6 46. Rbb2 Ra3 47. Qh6 Ra8 48. e5 dxe5 49. Red2 e4 50. Qe3 Qe5 51.
Re2 Qe6 52. Qxe4 Qf6 53. Qe3 Qd6 54. Re1 Ra6 55. Ree2 Kh7 56. Red2 Qe6 57. Qxe6 Rxe6 58. Re2 Rf6 59. Rxe7 h4 60. Rh2 g5 61. Re5 Kg6 62.
Rg2 Rf5 63. Rxf5 Kxf5 64. Rf2+ Kg6 65. a4 h3 66. a5 Bd5 67. c4 Bg2 68. Kb2 h2 69.
Rxg2 h1=Q 70. Rc2 Qb7+ 71. Ka3 g4 72. Rb2 Qc7 73. Rb6+ Kg5 74. Kb4 g3 75. Rb5+ Kh4 76. a6 g2 77. Rb7 Qd6+ 78. Kb5 Qe5+ 79. c5 g1=Q 80. Rh7+ Kg5 81. a7 Qb1+ 82. Kc6 Qbe4+ 83. Kb6 Qe6+ 84. Kb5 Q6c6+ 0-1